 Dungeon Crawl Stone Soup version 0.31-a0-879-g1609e0ac53 (webtiles) character file.

Game seed: 8724463034416403434

50 gruber the Conjurer (level 3, -1/26 HPs)
             Began as a Demigod Conjurer on Oct 14, 2023.
             Splashed by a jelly's acid (3 damage)
             ... on level 2 of the Dungeon.
             The game lasted 00:01:19 (1685 turns).

gruber the Conjurer (Demigod Conjurer)              Turns: 1685, Time: 00:01:20

Health: -1/26      AC: -10   Str:  8    XL:     3   Next: 35%
Magic:  0/8        EV: 12    Int: 24    God:
Gold:   89         SH:  0    Dex: 12    Spells: 2/5 levels left

rFire   . . .        k - +0 dagger (venom)
rCold   . . .        (no shield)
rNeg    . . .        a - +0 robe
rPois   .            (no helmet)
rElec   .            (no cloak)
rCorr   .            (no gloves)
SInv    .            (no boots)
Will    .....        (no amulet)
Stlth   ++           (no ring)
HPRegen 0.24/turn    (no ring)
MPRegen 0.11/turn

%: no passive effects
@: corroded
A: high MP 1, forlorn, divine attributes
a: no special abilities


You were on level 2 of the Dungeon.
You visited 1 branch of the dungeon, and saw 2 of its levels.

You collected 89 gold pieces.

Inventory:

Hand Weapons
 k - a +0 dagger of venom (weapon)
Armour
 a - a +0 robe (worn)
Scrolls
 c - a scroll of torment {unknown}
 d - a scroll of blinking {unknown}
 e - a scroll of silence {unknown}
 g - 2 scrolls of vulnerability {unknown}
 j - a scroll of identify {unknown}
Potions
 b - 2 potions of magic
 f - a potion of curing {unknown}
 h - a potion of lignification {unknown}
 i - a potion of might {unknown}
 l - a potion of degeneration {unknown}


   Skills:
 - Level 1.7 Dodging
 - Level 1.7 Stealth
 - Level 1.7 Spellcasting
 + Level 4.9 Conjurations


You had 2 spell levels left.
You knew the following spells:

 Your Spells              Type           Power      Damage    Failure   Level
a - Magic Dart            Conj           100%       1d8       1%          1
b - Searing Ray           Conj           50%        2d6       2%          2

Your spell library contained the following spells:

 Spells                   Type           Power      Damage    Failure   Level
 Dazzling Flash           Conj/Hex       26%        N/A       14%         3
 Fulminant Prism          Conj/Hex       6%         3d7       41%         4
 Iskenderun's Mystic Bla  Conj/Tloc      13%        2d5       41%         4


Dungeon Overview and Level Annotations

Branches:
Dungeon (2/15)


Innate Abilities, Weirdness & Mutations

You have an increased reservoir of magic. (+10% MP)
You shall have no god before yourself.
Your divine heritage dramatically boosts your attributes as you level up.


Message History

An endoplasm is nearby!
The magic dart hits the endoplasm!
You kill the endoplasm!
The magic dart hits the endoplasm.
You kill the endoplasm!
You are out of magic!
You are out of magic!
A jelly is nearby!
A jelly is nearby!
A jelly is nearby!
There is an open door here.
You close the door.
You start resting.
You hear a slurping noise.
The jelly eats the door!
Casting: Magic Dart (safe; 1% risk of failure)
Confirm with . or Enter, or press ? or * to list all spells.
Aiming: Searing Ray (safe; 2% risk of failure)
Press: ? - help, Shift-Dir - straight line, f - jelly
Aim: a jelly (wandering, hasn't noticed you, 100% to hit)
The searing ray hits the jelly.
The jelly is moderately wounded.
The jelly quivers. (Press . to maintain the ray.)
The jelly hits you. The acid corrodes you!
You are splashed with acid!
Unknown command.
The searing ray hits the jelly!
The jelly is heavily wounded.
The jelly misses you.
The searing ray hits the jelly.
The jelly is severely wounded.
The jelly barely misses you.
You aren't carrying any items that you can evoke.
Unknown command.
You hit the jelly but do no damage. The acid corrodes you!
Your hands burn!
The jelly is severely wounded.
The jelly hits you. The acid corrodes you!
You are splashed with acid!
* * * LOW HITPOINT WARNING * * *
You hit the jelly but do no damage.
Your hands burn!
You die...

#.######.....##
#..............
#######.####### #.#
### ##)#
#######.##..÷.J$#
#..###....#.#.#P.PP.P#
#..##.....#.#.#J.J...#
#..'......#J#.#÷P.P.P#
#..'.......@#.#......#
#..)........#.#JPPP÷.#
#..##.......#J#.J.J÷.#
#..###......##'.JP..÷#
##.# ##########÷...J.#
#.. ####### ##.


You could see a jelly.

Vanquished Creatures
  2 worms (D:2)
  2 dart slugs (D:1)
  3 ball pythons (D:1)
  6 endoplasms (D:2)
  3 goblins (D:1)
  3 hobgoblins (D:1)
  2 jackals (D:1)
  8 kobolds (D:2)
  2 quokkas (D:1)
  A bat (D:1)
  3 frilled lizards (D:1)
  2 rats (D:1)
37 creatures vanquished.

Notes
Turn   | Place    | Note
-------+----------+-------------------------------------------
     0 | D:1      | gruber the Demigod Conjurer began the quest for the Orb.
     0 | D:1      | Reached XP level 1. HP: 14/14 MP: 5/5
   211 | D:1      | Reached skill level 4 in Conjurations
   344 | D:1      | Reached XP level 2. HP: 15/20 MP: 1/7
  1363 | D:2      | Reached XP level 3. HP: 15/26 MP: 0/8
  1619 | D:2      | Learned a level 2 spell: Searing Ray
  1685 | D:2      | Splashed by a jelly's acid

Illustrated notes

Levels and vault maps discovered:
D:1:      psy_arrival_basics, layout_basic, kennysheep_decorative_pillar
D:2:      cheibrodos_fertilizer, layout_basic, st_stairs_11

Skill      XL: |  1 |
---------------+----+-----
Conjurations   | 4 |  4.9
Dodging        | |  1.7
Stealth        | |  1.7
Spellcasting   | |  1.7

Action                     || total
---------------------------++-------
  Melee: Unarmed           ||     9
         Punch             ||     1
         Dagger            ||     3
   Cast: Magic Dart        ||    78
         Searing Ray       ||     1
 Armour: Robe              ||    12
  Dodge: Dodged            ||    18

Table legend: (Time is in decaauts)
 A = Elapsed time spent in this place.
 B = Non-inter-level travel time spent in this place.
 C = Inter-level travel time spent in this place.
 D = Time resting spent in this place.
 E = Time spent auto-exploring this place.
 F = Levels seen in this place.
 G = Mean time per level.
                   A        B        C        D        E       F      G
               +--------+--------+--------+--------+--------+-----+--------+
         Total |   1684 |   1644 |     40 |     45 |   1422 |   2 |  842.0 |
       Dungeon |   1684 |   1644 |     40 |     45 |   1422 |   2 |  842.0 |
               +--------+--------+--------+--------+--------+-----+--------+

Top non-repeatable levels by time:
     D:1: 1264 daAuts
     D:2: 420 daAuts
